Description

EZPZ

Replay - HolyHit v llllllllllll - Nightshade LE

Build Order

Get SALT Encoding   

  12  0:00  Probe  
  13  0:12  Probe  
  14  0:17  Pylon  
  14  0:24  Probe (Chrono Boost)  
  15  0:37  Probe (Chrono Boost), Gateway  
  16  0:45  Probe (Chrono Boost)  
  16  0:46  Assimilator  
  17  0:51  Probe  
  18  1:03  Probe  
  19  1:15  Probe  
  20  1:25  Cybernetics Core  
  20  1:31  Probe  
  21  1:36  Assimilator  
  21  1:39  Pylon  
  21  1:48  Nexus  
  21  1:52  Probe  
  22  1:58  Adept (Chrono Boost)  
  24  2:06  Warp Gate  
  25  2:19  Stalker (Chrono Boost)  
  28  2:36  Twilight Council  
  29  2:59  Robotics Facility  
  31  3:24  Dark Shrine  
  33  3:33  Gateway x2  
  36  3:46  Warp Prism (Chrono Boost)  
  39  3:55  Assimilator x2  
  39  4:01  Pylon  
  42  4:11  Pylon  
  43  4:17  Observer (Chrono Boost)  
  46  4:32  Charge (Chrono Boost)  
  47  4:38  Dark Templar x2  
  47  4:42  Shadow Stride (Chrono Boost), Gateway x2  
  54  5:16  Gateway x2  
  54  5:18  Dark Templar x2  
  54  5:21  Gateway x2  
  58  5:23  Pylon  
  57  5:34  Dark Templar  
  59  5:46  Dark Templar x2  
  61  5:51  Zealot x2  
  67  6:13  Zealot x4  
  67  6:14  Dark Templar x2  
  79  6:18  Zealot  
  65  6:40  Zealot x3  
  73  6:53  Dark Templar  
Spawning Tool Build Advisor. Get it on Overwolf

Analysis

The blink dt rush

Go to:

Details

  • Created by: brockalanche
  • Published on: Jun 07, 2020
  • Modified on: Jun 07, 2020
  • Patch: 4.11.0
  • Difficulty: Medium
Show
View Real Time Build Order
Export as new Build Order

Comments (0)

There are no comments. Be the first!

Create an account to comment!